 Dungeon Sprint DCSS version 0.26-a0-665-gefeb406119 (webtiles) character file.

Game seed: 14876737442585522349

1332 mhtbhm the Martial Artist (level 8, -9/52 HPs)
             Began as an Octopode Transmuter on Oct 15, 2020.
             Was a Priest of Okawaru.
             Mangled by a manticore (13 damage)
             ... in the Dungeon (Sprint IX: "|||||||||||||||||||||||||||||").
             The game lasted 00:01:31 (912 turns).

mhtbhm the Martial Artist (Octopode Transmuter)      Turns: 912, Time: 00:01:32

Health: -9/52      AC:  1    Str: 15    XL:     8   Next: 61%
Magic:  13/20      EV: 17    Int: 15    God:    Okawaru [***...]
Gold:   0          SH:  0    Dex: 15    Spells: 8/23 levels left

rFire    . . .     SeeInvis .     - Unarmed
rCold    . . .     Faith    .   (shield currently unavailable)
rNeg     . . .     Spirit   .   (helmet restricted)
rPois    .         Reflect  .   (no amulet)
rElec    .         Harm     .   k - +3 ring of strength
rCorr    .         Rampage  .   l - +3 ring of dexterity
MR       .....     NoTele   +   (no ring)
Stlth    +++.......             (no ring)
HPRegen  0.17/turn              (no ring)
MPRegen  0.17/turn              (no ring)
                                (no ring)
                                (no ring)

@: blade tentacles, wereblooded, hasted, very quick
A: almost no armour, stealthy swim, amphibious, 8 rings, constrict 8, camouflage
1, gelatinous body 1
a: End Transformation, Heroism, Renounce Religion


You were in the Dungeon.
You worshipped Okawaru.
Okawaru was most pleased with you.
You had blades for tentacles.
You visited 1 branch

Inventory:

Jewellery
 k - a +3 ring of strength (left scythe-like blade)
 l - a +3 ring of dexterity (right scythe-like blade)
Wands
 j - a wand of acid (6)
Scrolls
 g - 2 scrolls of blinking
 h - 3 scrolls of remove curse
 i - 2 scrolls of amnesia
Potions
 a - a potion of invisibility
 b - 4 potions of curing
 c - 2 potions of heal wounds
 e - 4 potions of magic
 f - a potion of berserk rage


   Skills:
 + Level 3.2 Fighting
 + Level 6.1 Dodging
 + Level 3.5 Stealth
 + Level 12.8 Unarmed Combat
 + Level 8.0 Spellcasting
 + Level 7.3 Transmutations
 + Level 1.7 Poison Magic
 + Level 2.4 Evocations


You had 8 spell levels left.
You knew the following spells:

 Your Spells              Type           Power        Failure   Level
a - Beastly Appendage     Tmut           ####..       12%         1
b - Wereblood             Tmut           ####....     14%         2
c - Spider Form           Tmut/Pois      ###.......   34%         3
d - Ice Form              Ice/Tmut       ###.....     69%         4
e - Blade Hands           Tmut           ####......   56%         5

Your spell library contained the following spells:

 Spells                   Type           Power        Failure   Level


Dungeon Overview and Level Annotations

Branches:
Dungeon (1/1)

Altars:
Cheibriados
Dithmenos
Elyvilon
Fedhas
Gozag
Hepliaklqana
Kikubaaqudgha
Makhleb
Nemelex Xobeh
Okawaru
Qazlal
Ru
Sif Muna
Trog
Uskayaw
Vehumet
Wu Jian
Xom
Yredelemnul
Zin
The Shining One
Beogh
Jiyva
Lugonu


Innate Abilities, Weirdness & Mutations

You cannot wear most types of armour.
You are very stealthy in the water. (Stealth+)
You are amphibious.
You can wear up to eight rings at the same time.
You can use your tentacles to constrict eight enemies at once.
Your skin changes colour to match your surroundings (Stealth+).
Your rubbery body absorbs attacks. (AC +1, EV +1)


Message History

a +0 giant club; an ogre corpse You slice the troll!!
You squeeze the troll.
The troll is almost dead.
You howl as the wereblood boils in your veins!
You slice the troll!!
You kill the troll!
Okawaru is honoured by your kill.
Okawaru will now gift you ammunition as you gain piety.
The troll leather armour is intact enough to wear.
Your Dodging skill increases to level 6!
Your Stealth skill increases to level 3!
Your Spellcasting skill increases to level 8!
You howl as the wereblood boils in your veins!
You slash the manticore!
The manticore is heavily wounded.
You howl as the wereblood boils in your veins!
The manticore bites you!!
* * * LOW HITPOINT WARNING * * *
The manticore claws you!
You die...

▓.▓
▓†▓
▓.▓
▓.▓
▓)▓
▓'▓
▓c▓
▓H▓
▓@▓
▓.▓
▓)▓
▓†▓
▓(▓
▓.▓
▓.▓
▓[▓
▓(▓


You could see a manticore and a centaur.

Vanquished Creatures
  A two-headed ogre (D)
  A troll (D)
  A sky beast (D)
  An orc warrior (D)
  An ogre (D)
  A big kobold (D)
  A bullfrog (D)
  A howler monkey (D)
  A worker ant (D)
  A shadow imp (D)
  An adder zombie (D)
  A dart slug (D)
  An orc (D)
  A bat (D)
  A giant cockroach (D)
  2 hobgoblins (D)
  A quokka (D)
  A leopard gecko skeleton (D)
  A rat (D)
20 creatures vanquished.

Notes
Turn   | Place    | Note
-------+----------+-------------------------------------------
     0 | D        | mhtbhm the Octopode Transmuter began the quest for the Orb.
     0 | D        | Reached XP level 1. HP: 13/13 MP: 3/3
    13 | D        | Reached skill level 4 in Unarmed Combat
    13 | D        | Reached XP level 2. HP: 7/18 MP: 3/5
   240 | D        | Learned a level 2 spell: Wereblood
   346 | D        | Noticed a howler monkey
   353 | D        | Reached skill level 5 in Unarmed Combat
   353 | D        | Reached XP level 3. HP: 16/23 MP: 1/7
   356 | D        | Reached skill level 6 in Unarmed Combat
   356 | D        | Reached XP level 4. HP: 20/28 MP: 2/9
   556 | D        | Found a roughly hewn altar of Beogh.
   556 | D        | Found a snail-covered altar of Cheibriados.
   556 | D        | Found a shadowy altar of Dithmenos.
   556 | D        | Found a white marble altar of Elyvilon.
   556 | D        | Found a blossoming altar of Fedhas.
   556 | D        | Found an opulent altar of Gozag.
   557 | D        | Found a hazy altar of Hepliaklqana.
   558 | D        | Found a viscous altar of Jiyva.
   559 | D        | Found an ancient bone altar of Kikubaaqudgha.
   560 | D        | Found a corrupted altar of Lugonu.
   561 | D        | Found a burning altar of Makhleb.
   562 | D        | Found a sparkling altar of Nemelex Xobeh.
   563 | D        | Found an iron altar of Okawaru.
   564 | D        | Found a stormy altar of Qazlal.
   565 | D        | Found a sacrificial altar of Ru.
   566 | D        | Found a shimmering blue altar of Sif Muna.
   567 | D        | Found a bloodstained altar of Trog.
   568 | D        | Found a hide-covered altar of Uskayaw.
   569 | D        | Found a radiant altar of Vehumet.
   570 | D        | Found an ornate altar of the Wu Jian Council.
   571 | D        | Became a worshipper of Warmaster Okawaru
   572 | D        | Found a shimmering altar of Xom.
   573 | D        | Found a basalt altar of Yredelemnul.
   574 | D        | Found a glowing silver altar of Zin.
   575 | D        | Found a glowing golden altar of the Shining One.
   605 | D        | Learned a level 3 spell: Spider Form
   610 | D        | Learned a level 4 spell: Ice Form
   746 | D        | Noticed an orc warrior
   746 | D        | Noticed a two-headed ogre
   746 | D        | Noticed a big kobold
   746 | D        | Noticed a sky beast
   758 | D        | Killed a sky beast
   758 | D        | Reached skill level 1 in Stealth
   758 | D        | Reached skill level 8 in Unarmed Combat
   758 | D        | Reached XP level 5. HP: 16/34 MP: 1/12
   761 | D        | Reached skill level 5 in Spellcasting
   764 | D        | Killed a big kobold
   764 | D        | Reached * piety under Okawaru
   764 | D        | Reached skill level 9 in Unarmed Combat
   764 | D        | Reached XP level 6. HP: 39/39 MP: 2/14
   765 | D        | Killed a two-headed ogre
   765 | D        | Reached ** piety under Okawaru
   765 | D        | Reached skill level 5 in Dodging
   765 | D        | Reached skill level 12 in Unarmed Combat
   765 | D        | Reached skill level 1 in Poison Magic
   765 | D        | Reached XP level 7. HP: 46/46 MP: 2/17
   765 | D        | Reached XP level 8. HP: 52/52 MP: 2/19
   890 | D        | Learned a level 5 spell: Blade Hands
   894 | D        | Noticed a manticore
   894 | D        | Noticed a troll
   911 | D        | Killed a troll
   911 | D        | Reached *** piety under Okawaru
   912 | D        | Mangled by a manticore

Illustrated notes

Levels and vault maps discovered:
D:        linesprint [early_d, line_temple, items_1, d_10, items_2, lair_1,
          lair_end, items_3, orc_1, orc_end, items_4, d_15, swamp_1, shoals_1,
          snake_1, spider_1, d_20, vaults_1, items_5, swamp_end, shoals_end,
          snake_end, spider_end, vaults_end, d_27, items_6, zot_1, zot_end,
          crypt_end, forest_end, elf_end, slime_end, tomb_end, abyss_end,
          pan_hell_end]

Skill      XL: |  1  2  3  4  5  6  7  8 |
---------------+-------------------------+-----
Unarmed Combat | 4 5 6 8 9 12 | 12.8
Spellcasting   | 3 4 5 7 8 |  8.0
Transmutations | 3 4 6 7 |  7.3
Dodging        | 3 4 5 6 |  6.1
Stealth        | 1 2 3 |  3.5
Fighting       | 2 3 |  3.2
Poison Magic   | 1 |  1.7
Evocations     | 2 |  2.4

Action                   |  1- 3 |  4- 6 |  7- 9 || total
-------------------------+-------+-------+-------++-------
Melee: Unarmed           |    17 |    19 |    10 ||    46
       Constrict         |     5 |     1 |     1 ||     7
       Tentacles         |     2 |       |     1 ||     3
       Kick              |     2 |       |       ||     2
       Punch             |     2 |     1 |       ||     3
 Cast: Beastly Appendage |     2 |       |       ||     2
       Wereblood         |     1 |     1 |     1 ||     3
       Spider Form       |       |     1 |       ||     1
       Blade Hands       |       |       |     1 ||     1
Evoke: Wand              |       |     3 |     1 ||     4
  Use: Potion            |     1 |     1 |     1 ||     3
 Stab: Sleeping          |       |       |     1 ||     1
Armor: Skin              |     1 |     1 |       ||     2
Dodge: Dodged            |     9 |    12 |     4 ||    25

Table legend: (Time is in decaauts)
 A = Elapsed time spent in this place.
 B = Non-inter-level travel time spent in this place.
 C = Inter-level travel time spent in this place.
 D = Time resting spent in this place.
 E = Time spent auto-exploring this place.
 F = Levels seen in this place.
 G = Mean time per level.
                   A        B        C        D        E       F      G
               +--------+--------+--------+--------+--------+-----+--------+
         Total |    901 |    901 |      0 |    746 |      0 |   1 |  901.0 |
       Dungeon |    901 |    901 |      0 |    746 |      0 |   1 |  901.0 |
               +--------+--------+--------+--------+--------+-----+--------+

Top non-repeatable levels by time:
       D: 901 daAuts
